 Dungeon Crawl Stone Soup version 0.31.0-11-ge490571c62 (webtiles) character file.

Game seed: 8289185559655935741

86947 cdecastro the Mimic (level 15, 0/193 HPs)
             Began as a White Draconian Shapeshifter on Jan 25, 2024.
             Was the Champion of Dithmenos.
             Slain by a redback (7 damage)
             ... on level 5 of the Lair of Beasts on Jan 26, 2024.
             The game lasted 01:12:22 (23352 turns).

cdecastro the Mimic (White Draconian Shapeshifter) Turns: 23352, Time: 01:12:23

Health: 0/193      AC: 27    Str: 17    XL:     15   Next: 42%
Magic:  25/25      EV:  2    Int: 11    God:    Dithmenos [******]
Gold:   848        SH:  5    Dex: 17    Spells: 14/14 levels left

rFire   . .          .
                       - Unarmed
rCold   . . .        (no shield)
rNeg    . . .        (body armour unavailable)
rPois   +            (helmet currently unavailable)
rElec   .            B - melded +2 cloak {rCorr}
rCorr   .            b - melded +0 pair of gloves
SInv    +            A - melded +0 pair of boots of Freedom {Regen+ rCorr Str-3 Stlth+}
Will    ++...        l - amulet of reflection
Stlth   +++          d - ring of see invisible
HPRegen 0.52/turn    y - ring of willpower
MPRegen 0.19/turn

%: reflection
@: tree-form, wreathed by umbra
A: stationary, stasis, torment immunity, boosted hp, (breathe frost), AC +9,
unfitting armour, (cold resistance 1), (cold-blooded)
a: Renounce Religion, Shadow Step, Shadow Form


You were on level 5 of the Lair of Beasts.
You worshipped Dithmenos.
Dithmenos was exalted by your worship.
You were a tree.
You visited 4 branches of the dungeon, and saw 22 of its levels.
You also visited: Bailey.

You collected 1654 gold pieces.
You spent 806 gold pieces at shops.

Inventory:

Hand Weapons
 R - the +6 hand axe of the Thirsty Blessings {speed, Int+5}
   (You found it on level 9 of the Dungeon)

   Int+5:     It affects your intelligence (+5).
 S - the +4 consecrated labrys {holy, Valiant ^Fragile Fly SInv}
   (You found it on level 9 of the Dungeon)

   Valiant:   It becomes more powerful as more dangerous foes come into view.
   SInv:      It lets you see invisible.
   Fly:       It grants you flight.
   ^Fragile:  It will be destroyed if unequipped.
Missiles
 m - 3 throwing nets (quivered)
Armour
 b - a +0 pair of gloves (melded)
 A - the +0 pair of boots of Freedom (melded) {Regen+ rCorr Str-3 Stlth+}
   (You found it on level 4 of the Dungeon)

   Str-3:     It affects your strength (-3).
   Regen+:    It increases your rate of health regeneration.
   rCorr:     It protects you from acid and corrosion.
   Stlth+:    It makes you more stealthy.
 B - a +2 cloak of preservation (melded)
Magical Staves
 P - a staff of cold
Jewellery
 d - a ring of see invisible (left branch)
 l - an amulet of reflection (around neck)
 w - an amulet of the acrobat
 y - a ring of willpower (right branch)
 E - a +5 ring of evasion
 Y - a ring of magical power
 Z - a ring of magical power
Talismans
 c - a flux talisman
 e - a serpent talisman (active)
 K - a blade talisman
Wands
 z - a wand of digging (13)
 G - a wand of flame (38)
 L - a wand of mindburst (16)
 Q - a wand of roots (17)
 U - a wand of light (7)
 W - a wand of charming (4)
Scrolls
 h - 5 scrolls of amnesia
 j - 2 scrolls of blinking
 o - 4 scrolls of torment
 p - 5 scrolls of vulnerability
 r - 6 scrolls of revelation
 u - a scroll of acquirement
 x - 6 scrolls of poison
 D - 4 scrolls of fog
 F - 3 scrolls of noise
 H - 5 scrolls of silence
 I - a scroll of fear
 M - 3 scrolls of brand weapon
 N - 2 scrolls of enchant weapon
 O - 2 scrolls of teleportation
 T - 3 scrolls of enchant armour
 V - 4 scrolls of immolation
 X - 2 scrolls of identify
Potions
 f - 7 potions of curing
 g - 8 potions of mutation
 i - a potion of magic
 k - 2 potions of might
 n - 4 potions of haste
 q - a potion of ambrosia
 s - a potion of brilliance
 t - a potion of cancellation
 v - 9 potions of attraction
 C - 5 potions of heal wounds
 J - 3 potions of enlightenment


   Skills:
 - Level 11.0 Fighting
 - Level 11.2 Dodging
 * Level 13.8 Unarmed Combat
 - Level 13.4 Invocations
 - Level 1.0 Evocations
 + Level 14.2 Shapeshifting


You had 14 spell levels left.
You didn't know any spells.
Your spell library contained the following spells:

 Spells                   Type           Power      Damage    Failure   Level
 Kiss of Death            Conj/Necr      0%         2d5       34%         1
 Sandblast                Erth           0%         2d4       34%         1
 Shock                    Conj/Air       0%         1d3       34%         1
 Slow                     Hex            0%         N/A       34%         1
 Ensorcelled Hibernation  Hex/Ice        0%         N/A       47%         2
 Mercury Vapours          Alch/Air       0%         N/A       47%         2
 Call Canine Familiar     Summ           0%         N/A       71%         3
 Confusing Touch          Hex            0%         N/A       71%         3
 Mephitic Cloud           Conj/Alch/Air  0%         N/A       71%         3
 Passwall                 Erth           0%         N/A       71%         3
 Sigil of Binding         Hex            0%         N/A       71%         3
 Stone Arrow              Conj/Erth      0%         3d7       71%         3
 Swiftness                Air            0%         N/A       71%         3
 Vampiric Draining        Necr           0%         2d6       71%         3
 Volatile Blastmotes      Fire/Tloc      0%         2d10      71%         3
 Airstrike                Air            0%         2d(0-16)  98%         4
 Brom's Barrelling Bould  Conj/Erth      0%         2d3       98%         4
 Dimensional Bullseye     Hex/Tloc       0%         N/A       98%         4
 Dispel Undead            Necr           0%         3d6       98%         4
 Fulminant Prism          Conj/Alch      0%         3d5       98%         4
 Ignite Poison            Fire/Alch      0%         N/A       98%         4
 Iskenderun's Mystic Bla  Conj/Tloc      0%         2d3       98%         4
 Olgreb's Toxic Radiance  Alch           0%         N/A       98%         4
 Sticky Flame             Fire/Alch      0%         2d4       98%         4
 Freezing Cloud           Conj/Ice/Air   0%         6-21      100%        5
 Summon Forest            Summ/Tloc      0%         N/A       100%        5
 Summon Mana Viper        Hex/Summ       0%         N/A       100%        5
 Summon Cactus Giant      Summ           0%         N/A       100%        6
 Ozocubu's Refrigeration  Ice            0%         4d7       100%        7
 Discord                  Hex            0%         N/A       100%        8
 Ignition                 Fire           0%         3d3       100%        8
 Lehudib's Crystal Spear  Conj/Erth      0%         10d2      100%        8
 Chain Lightning          Conj/Air       0%         N/A       100%        9
 Fire Storm               Conj/Fire      0%         5d1       100%        9
 Shatter                  Erth           0%         3d5*      100%        9
 Animate Armour           Summ/Erth      Unusable   N/A       N/A         4

Dungeon Overview and Level Annotations

Branches:
Dungeon (14/15)            Temple (1/1) D:6            Lair (5/5) D:9
  Swamp (0/4) Lair:3       Spider (0/4) Lair:2        Slime (0/5) Lair:5
    Orc (2/2) D:11            Elf (0/3) Orc:2        Vaults (0/5) D:14
 Bailey (visited)

Altars:
Ashenzari
Cheibriados
Dithmenos
Elyvilon
Fedhas
Gozag
Hepliaklqana
Kikubaaqudgha
Makhleb
Nemelex Xobeh
Okawaru
Qazlal
Ru
Sif Muna
Trog
Uskayaw
Vehumet
Wu Jian
Xom
Yredelemnul
Zin
The Shining One
Jiyva

Shops:
D:3 :   D:12 :   D:14 [   Orc:2 =(?[

Portals:
Trove: D:10 (give 6 scrolls of fog)

Annotations:
D:9 2 transporters, shadowrider38's ghost, novice AtCj
D:12 Nessos
D:14 Frances
Lair:4 Rupert


Innate Abilities, Weirdness & Mutations

You are a tree.
Your roots penetrate the ground, keeping you stationary.
You cannot be teleported.
You are immune to unholy pain and torment.
Your maximum health is greatly increased.
Your equipment is partially melded.
((You can breathe waves of freezing cold which knock back foes.))
((Your icy white scales are hard. (AC +9)))
You cannot fit into any form of body armour.
((Your flesh is cold resistant. (rC+)))
((You are cold-blooded and may be slowed by cold attacks.))


Message History

* * * LOW HITPOINT WARNING * * *
The cane toad stings you!
* * * LOW HITPOINT WARNING * * *
The redback bites you but does no damage.
You feel better. The redback bites you.
* * * LOW HITPOINT WARNING * * *
You are lethally poisoned!
The redback poisons you! The cane toad stings you.
* * * LOW HITPOINT WARNING * * *
You feel much better.
* * * LOW HITPOINT WARNING * * *
You feel extremely sick.
The redback bites you but does no damage.
The cane toad stings you!
* * * LOW HITPOINT WARNING * * *
The redback bites you but does no damage.
You feel better. The cane toad barely misses you.
You block the redback's attack.
You smack the cane toad!
The cane toad is moderately wounded.
Your shadow hits the cane toad but does no damage.
The cane toad stings you but does no damage.
The redback bites you.
* * * LOW HITPOINT WARNING * * *
Unknown command.
You smack the cane toad!
The cane toad is heavily wounded.
The redback bites you but does no damage.
The cane toad stings you!
* * * LOW HITPOINT WARNING * * *
Unknown command.
You pummel the cane toad!!
You kill the cane toad!
Dithmenos accepts your kill. You block the redback's attack.
Unknown command.
You smack the redback!
The redback is heavily wounded.
Your shadow hits the redback. The redback bites you!
You die...

....†..†..##..#..#.(##........##.
...###.....##.####..#....###P....
..#P.###....#.†####....### ##...#
.......###....†..##..### #...#
..P.P....###.#..†.####... #....
...........###§.......... #....
...........###.§§§§...... #...#
.........###.#§§s§####... #.##.
.......###.|.##§♣##.(###S #.###
.....###....########...### ##..#.
...###.....##.####.##....###P.##P
...P......##..#..#(.##...........
.........##..##..##..##.....P....
..P.....##...#....#...##.........
..P....##...##....##...##.......#
.....###....#......#....##P......
.....##....##....P.##....##....#.


You could see a redback.

Vanquished Creatures
  2 ettins
  Josephine (D:10)
  3 vault guards
  3 ogre magi
  2 hydras (D:14)
  2 catoblepae
  2 centaur warriors
  2 boulder beetles (D:14)
  16 two-headed ogres
  4 death yaks (Lair:4)
  Urug (D:12)
  Nergalle (D:10)
  A skyshark (Lair:5)
  2 deep trolls (Orc:2)
  4 arcanists (D:14)
  A deep elf pyromancer (D:14)
  2 orc knights
  9 ugly things
  2 wolf spiders
  Maurice (D:11)
  An orc sorcerer (D:11)
  3 manticores
  Joseph (D:7)
  5 cyclopes
  9 black mambas
  8 elephants
  2 gargoyles
  A guardian serpent (Lair:5)
  15 cane toads
  Maggie (D:7)
  2 kobold demonologists (D:12)
  9 komodo dragons
  2 efreet
  4 rime drakes
  Psyche (D:10)
  A troll (shapeshifter) (D:14)
  4 polar bears
  Prince Ribbit (D:6)
  10 trolls
  2 hornets (Lair:5)
  8 blink frogs
  A culicivora (Lair:2)
  A shadow (D:13)
  4 wraiths
  A jumping spider (Lair:2)
  2 vampires
  10 wyverns
  A water elemental (D:13)
  25 yaks
  16 humans (D:14)
  A warg (D:8)
  2 steam dragons
  5 basilisks
  13 vampire mosquitoes
  A redback (Lair:5)
  19 water moccasins
  3 acid dragons
  20 orc warriors
  A swamp drake (Lair:5)
  2 sky beasts
  2 ice beasts
  2 laughing skulls (D:12)
  3 black bears
  22 ogres
  35 wolves
  2 centaurs
  A phantom (D:5)
  4 gnoll sergeants
  11 bullfrogs
  4 kobold brigands
  2 scorpions
  9 wights
  3 killer bees (D:11)
  2 electric eels (D:13)
  A howler monkey (D:6)
  4 jellies
  13 orc priests
  2 bombardier beetles
  3 gnoll boudas
  3 hounds
  Crazy Yiuf (D:5)
  4 sleepcaps
  5 iguanas
  21 orc wizards
  6 hell rats (Lair:1)
  27 gnolls
  6 adders
  3 shadow imps
  2 white imps (D:7)
  2 ribbon worms
  2 dart slugs
  81 orcs
  4 bats
  4 endoplasms
  A giant cockroach (D:1)
  17 goblins
  7 hobgoblins
  3 jackals (D:1)
  4 quokkas
  4 ball pythons
  4 frilled lizards
  32 kobolds
  9 rats
  A spectral goblin (D:1)
657 creatures vanquished.

Notes
Turn   | Place    | Note
-------+----------+-------------------------------------------
     0 | D:1      | cdecastro the Draconian Shapeshifter began the quest for
                  | the Orb.
     0 | D:1      | Reached XP level 1. HP: 16/16 MP: 1/1
   296 | D:1      | Reached XP level 2. HP: 22/23 MP: 2/2
   504 | D:1      | Found a faded altar of an unknown god.
  1023 | D:2      | Reached XP level 3. HP: 28/28 MP: 3/3
  1196 | D:2      | Found a stormy altar of Qazlal.
  1730 | D:3      | Reached XP level 4. HP: 33/35 MP: 4/4
  1753 | D:3      | Noticed a walking frostbound tome
  1754 | D:3      | Found Riosch's Book Shop.
  1754 | D:3      | Noticed a walking earthen tome
  2170 | D:3      | Reached skill level 5 in Unarmed Combat
  2374 | D:4      | Reached XP level 5. HP: 40/40 MP: 5/5
  2456 | D:4      | Reached skill level 4 in Shapeshifting
  2709 | D:4      | Reached XP level 6. HP: 46/47 MP: 6/6
  2870 | D:4      | Identified the +0 pair of boots of Freedom {Regen+ rCorr
                  | Str-3 Stlth+}
  2978 | D:4      | Found a shadowy altar of Dithmenos.
  3233 | D:4      | Became a worshipper of Dithmenos the Shadowed
  3244 | D:5      | Entered Level 5 of the Dungeon
  3811 | D:5      | Your scales start taking on an icy white colour.
  3811 | D:5      | Reached XP level 7. HP: 50/52 MP: 7/7
  3811 | D:5      | Gained mutation: Your flesh is cold resistant. (rC+) [White
                  | Draconian growth]
  4029 | D:5      | Reached skill level 5 in Shapeshifting
  4176 | D:5      | Found a runed translucent door.
  4177 | D:5      | Noticed Crazy Yiuf
  5345 | D:5      | Reached XP level 8. HP: 50/59 MP: 8/8
  5515 | D:6      | Reached skill level 6 in Shapeshifting
  5519 | D:6      | Reached * piety under Dithmenos
  5675 | D:6      | Found a staircase to the Ecumenical Temple.
  5691 | Temple   | Entered the Ecumenical Temple
  6462 | D:7      | Reached skill level 10 in Unarmed Combat
  6481 | D:7      | Reached XP level 9. HP: 51/64 MP: 9/9
  6576 | D:7      | Reached skill level 7 in Shapeshifting
  6695 | D:7      | Noticed Maggie
  6709 | D:7      | Killed Maggie
  6787 | D:7      | Found Ycuranic's Magic Scroll Boutique.
  6809 | D:7      | Noticed Prince Ribbit
  6896 | D:6      | Killed Prince Ribbit
  7020 | D:7      | Noticed Joseph
  7052 | D:7      | Killed Joseph
  7053 | D:7      | Reached skill level 8 in Shapeshifting
  7108 | D:7      | Found a flagged portal.
  7117 | Bailey   | Entered a bailey
  7133 | Bailey   | Noticed an orc warlord
  7214 | Bailey   | Reached ** piety under Dithmenos
  7236 | Bailey   | Reached skill level 5 in Fighting
  7261 | Bailey   | Found a runed translucent gate.
  7261 | Bailey   | Found a runed translucent gate.
  7261 | Bailey   | Found a runed translucent gate.
  7261 | Bailey   | Noticed an orc knight
  7301 | Bailey   | Killed an orc knight
  7302 | Bailey   | Reached XP level 10. HP: 50/83 MP: 10/10
  7724 | D:7      | Reached skill level 10 in Fighting
  7724 | D:7      | Reached skill level 10 in Shapeshifting
  7724 | D:7      | Reached XP level 11. HP: 101/101 MP: 11/11
  7822 | D:5      | Killed Crazy Yiuf
  7958 | D:7      | Bought a scroll of noise for 13 gold pieces
  7958 | D:7      | Bought a scroll of fear for 52 gold pieces
  7958 | D:7      | Bought a scroll of poison for 52 gold pieces
  7958 | D:7      | Bought a scroll of identify for 26 gold pieces
  7958 | D:7      | Bought a scroll of identify for 26 gold pieces
  7958 | D:7      | Bought a scroll of teleportation for 39 gold pieces
  7958 | D:7      | Bought a scroll of identify for 26 gold pieces
  7958 | D:7      | Bought a scroll of identify for 26 gold pieces
  9011 | D:9      | Found a transporter.
  9021 | D:9      | Reached *** piety under Dithmenos
  9153 | D:9      | Found a transporter.
  9157 | D:9      | Noticed shadowrider38's ghost (novice AtCj)
  9226 | D:9      | Noticed a two-headed ogre
  9245 | D:9      | Killed a two-headed ogre
  9317 | D:9      | Reached skill level 11 in Shapeshifting
  9395 | D:9      | Found the +4 consecrated labrys {holy, Valiant ^Fragile Fly
                  | SInv}
  9433 | D:9      | Identified the +6 hand axe of the Thirsty Blessings {speed,
                  | Int+5}
  9643 | D:9      | Found a staircase to the Lair.
  9748 | D:10     | Entered Level 10 of the Dungeon
  9877 | D:10     | Reached **** piety under Dithmenos
 10008 | D:10     | Noticed Psyche
 10158 | D:10     | Noticed Josephine
 10186 | D:10     | Killed Josephine
 10258 | D:10     | Noticed a two-headed ogre
 10268 | D:10     | Killed a two-headed ogre
 10269 | D:10     | Reached skill level 5 in Dodging
 10373 | D:10     | Noticed Nergalle
 10380 | D:10     | Killed Nergalle
 10556 | D:10     | Found a portal to a secret trove of treasure.
 10733 | D:10     | Killed Psyche
 10734 | D:10     | Reached XP level 12. HP: 110/110 MP: 12/12
 10899 | D:11     | Found a staircase to the Orcish Mines.
 11035 | D:11     | Reached skill level 12 in Shapeshifting
 11066 | D:11     | Noticed a two-headed ogre
 11090 | D:11     | Killed a two-headed ogre
 11247 | D:11     | Noticed Maurice
 11251 | D:11     | Noticed a two-headed ogre
 11262 | D:11     | Maurice stole 275 gold
 11269 | D:11     | Killed Maurice
 11276 | D:11     | Killed a two-headed ogre
 11954 | D:12     | Noticed Urug
 11980 | D:12     | Killed Urug
 12111 | D:12     | Noticed Nessos
 12270 | D:12     | Found Gasmauf's Book Emporium.
 12856 | D:13     | Noticed a centaur warrior
 13093 | D:13     | Noticed a two-headed ogre
 13117 | D:13     | Killed a two-headed ogre
 13297 | D:13     | Killed a centaur warrior
 13817 | D:14     | Noticed a boulder beetle
 13851 | D:14     | Killed a boulder beetle
 13851 | D:14     | Reached ***** piety under Dithmenos
 13852 | D:14     | Reached skill level 13 in Shapeshifting
 13852 | D:14     | Reached XP level 13. HP: 86/116 MP: 13/13
 13900 | D:14     | Noticed a frost giant
 13900 | D:14     | Noticed a fire dragon
 14083 | D:14     | Reached skill level 10 in Dodging
 14394 | D:14     | Found a gate to the Vaults.
 14620 | D:14     | Reached skill level 1 in Evocations
 14687 | D:14     | Reached skill level 1 in Invocations
 14972 | D:14     | Found Nysan's Antique Armour Shop.
 15032 | D:14     | Noticed Frances
 15142 | Orc:1    | Entered Level 1 of the Orcish Mines
 15142 | Orc:1    | Noticed an ettin
 15165 | D:11     | Killed an ettin
 15166 | D:11     | Reached skill level 5 in Invocations
 15175 | D:11     | Reached skill level 14 in Shapeshifting
 15291 | Orc:1    | Found a bloodstained altar of Trog.
 15301 | Orc:1    | Paralysed by an ogre mage for 4 turns
 15588 | Orc:2    | Entered Level 2 of the Orcish Mines
 15724 | Orc:2    | Reached XP level 14. HP: 124/124 MP: 18/18
 15757 | Orc:2    | Reached ****** piety under Dithmenos
 16037 | Orc:2    | Found Gyontinty's Armour Shoppe.
 16930 | Orc:2    | Found Zoirgh's Magic Scroll Boutique.
 16932 | Orc:2    | Found a staircase to the Elven Halls.
 16936 | Orc:2    | Found Okerub's Antique Weapon Boutique.
 16937 | Orc:2    | Found Haygucot's Jewellery Shop.
 16959 | Orc:2    | Bought a scroll of immolation for 64 gold pieces
 16959 | Orc:2    | Bought a scroll of identify for 32 gold pieces
 17055 | Orc:2    | Identified a scroll of acquirement
 17070 | Orc:2    | Bought a serpent talisman for 450 gold pieces
 17234 | Lair:1   | Entered Level 1 of the Lair of Beasts
 17553 | Lair:1   | Reached skill level 10 in Invocations
 18858 | Lair:2   | Found a sacrificial altar of Ru.
 19605 | Lair:2   | Found a hole to the Spider Nest.
 19741 | Lair:2   | Identified the +10 dagger "Loruc" {elec, *Noise rPois
                  | Dex+3}
 20404 | Lair:3   | Found a stormy altar of Qazlal.
 20493 | Lair:3   | Found a staircase to the Swamp.
 20775 | Lair:3   | Identified the +7 falchion of the Sea {freeze, Will+ Int+3}
 21167 | Lair:4   | Noticed Rupert
 21430 | Lair:4   | Reached XP level 15. HP: 114/129 MP: 24/24
 21825 | Lair:5   | Entered Level 5 of the Lair of Beasts
 22517 | Lair:5   | Upgraded the game from 0.31.0-10-gcf4a605ca0 to
                  | 0.31.0-11-ge490571c62
 22981 | Lair:5   | Found a viscous altar of Jiyva.
 22982 | Lair:5   | Found a staircase to the Slime Pits.
 23345 | Lair:5   | HP: 5/193 [cane toad (9)]
 23350 | Lair:5   | HP: 6/193 [cane toad (12)]
 23352 | Lair:5   | Slain by a redback

Illustrated notes

Levels and vault maps discovered:
D:1:      ebering_trefoil_twist, layout_basic,
          dreamdust_ecumenical_altar_drowned_temple, minmay_misc_feat_plants
D:2:      layout_loops_ring, basic_altar, serial_forest,
          infiniplex_forest_corner_1, infiniplex_forest_clump_small,
          infiniplex_forest_clump_cross, infiniplex_forest_clump_small,
          infiniplex_forest_corner_1, minmay_unequal
D:3:      layout_loops_cross, serial_shops, nicolae_shop_mannequins
D:4:      layout_gridville, grunt_dithmenos_smoke
D:5:      nicolae_BIG_FREAKIN_CUBE, layout_loops_corners, nicolae_grassy_gnolls,
          uniq_crazy_yiuf_cottage
D:6:      layout_basic, minmay_temple_entry_waves
D:7:      layout_gridville, enter_bailey_5, serial_shops, shop,
          minmay_increasing_density, uniq_joseph, uniq_maggie,
          uniq_prince_ribbit1
D:8:      statuecave_lemuel, layout_basic
D:9:      layout_big_octagon, erik_lair_orcish_takeover,
          gammafunk_ghost_berserking_beasts, serial_bayou_pond_e,
          evilmike_butchery
D:10:     layout_roguey, nicolae_trove_entry_diagonal, uniq_psyche,
          uniq_josephine, uniq_nergalle
D:11:     layout_cave_pods, orc_0_dummy, uniq_maurice
D:12:     layout_loops_cross, serial_shops, shop, uniq_urug, uniq_nessos
D:13:     layout_rooms, serial_bayou, serial_bayou_pond_c,
          serial_bayou_lagoon_a, serial_bayou_pond_a, serial_bayou_pond_e,
          serial_bayou_ford_a, serial_bayou_crossing
D:14:     layout_roguey, grunt_vaults_entry_tiered, serial_park_tiny_pond,
          serial_shops, shop, roderic_lattice_a, nicolae_doodle_vault,
          uniq_frances
Temple:   grunt_wide_crystal_templ
Lair:1:   layout_cave_pods, nicolae_lair_run_with_the_wolves
Lair:2:   layout_cave_pods, spider_nest_entry_funnel_web, basic_altar,
          grunt_megastairs_3
Lair:3:   layout_chaotic_city, swamp_mist, basic_altar
Lair:4:   layout_loops_ring, uniq_rupert
Lair:5:   hangedman_lair_tendril_chambers, layout_long_grid,
          guppyfry_lair_end_dragon, dpeg_slime_entry_corner
Orc:1:    layout_caves, basic_altar
Orc:2:    st_orc_open, layout_caves

Skill      XL: |  1  2  3  4  5  6  7  8  9 10 11 12 13 14 15 |
---------------+----------------------------------------------+-----
Unarmed Combat | 4 5 6 8 10 11 12 13 | 13.8
Shapeshifting  | 4 5 6 8 10 11 13 14 | 14.2
Fighting       | 5 10 11 | 11.0
Dodging        | 5 9 11 | 11.2
Evocations     | 1 |  1.0
Invocations    | 6 12 13 | 13.4

Action                     |  1- 3 |  4- 6 |  7- 9 | 10-12 | 13-15 || total
---------------------------+-------+-------+-------+-------+-------++-------
  Melee: Unarmed           |   116 |   148 |   308 |   677 |  1233 ||  2482
         Tailslap          |    12 |    19 |    59 |   126 |   177 ||   393
         Punch             |       |     7 |     6 |       |       ||    13
         Constrict         |       |       |       |       |   112 ||   112
Ability: Breathe Frost     |       |       |     3 |     1 |     6 ||    10
         Begin Untransform |       |       |       |       |     1 ||     1
  Evoke: Wand              |       |       |     2 |     4 |     1 ||     7
    Use: Scroll            |       |       |       |    19 |     8 ||    27
         Potion            |       |       |       |     1 |     4 ||     5
   Stab: Sleeping          |       |     2 |       |       |     3 ||     5
         Distracted        |       |       |       |     1 |       ||     1
 Armour: Skin              |    45 |    69 |   151 |   247 |   490 ||  1002
  Dodge: Dodged            |    58 |    51 |   188 |   440 |   805 ||  1542
  Block: Other             |    10 |    24 |    63 |   105 |   218 ||   420
         Reflection        |       |     1 |     5 |     3 |     1 ||    10
   Form: Flux              |       |       |     1 |       |     2 ||     3
                           |       |       |       |       |     1 ||     1
         Serpent           |       |       |       |       |     3 ||     3
